 Dungeon Crawl Stone Soup version 0.30.1-11-g7821555f0a (webtiles) character file.

Game seed: 1731046610613935010

7735 Unglued128 the Carver (level 11, -6/81 HPs)
             Began as a Gnoll Wanderer on Nov 18, 2023.
             Was an Elder of Kikubaaqudgha.
             Shot with an arrow by a centaur warrior (26 damage)
             ... on level 10 of the Dungeon on Nov 21, 2023.
             The game lasted 01:09:22 (10808 turns).

Unglued128 the Carver (Gnoll Wanderer)             Turns: 10808, Time: 01:09:23

Health: -6/81      AC: 11    Str: 11    XL:     11   Next: 19%
Magic:  23/23      EV: 18    Int: 13    God:    Kikubaaqudgha [****..]
Gold:   1280       SH:  0    Dex: 29    Spells: 22/26 levels left

rFire   . . .        i - +2 double sword
rCold   . . .        (no shield)
rNeg    . . .        h - +1 robe "Qeycom" {Dex+5 Stlth+}
rPois   .            u - +2 helmet
rElec   .            B - +0 cloak
rCorr   .            (no gloves)
SInv    .            a - +2 pair of boots
Will    .....        w - amulet of regeneration
Stlth   +++++        o - ring of Makhleb's Supremacy {Fly Int+3 Dex+6}
HPRegen 1.13/turn    r - ring of wizardry
MPRegen 0.18/turn

%: wizardry (x1)
@: flying
A: fangs 1, strong nose, distributed training
a: Renounce Religion, Unearth Wretches


You were on level 10 of the Dungeon.
You worshipped Kikubaaqudgha.
Kikubaaqudgha was greatly pleased with you.
You visited 2 branches of the dungeon, and saw 13 of its levels.
You also visited: Bailey.

You collected 1370 gold pieces.
You spent 90 gold pieces at shops.

Inventory:

Hand Weapons
 i - a +2 double sword (weapon)
 D - the +0 long sword of Impatience {speed, Drain rN+ Will+ Dex+2}
   (You found it on level 10 of the Dungeon)

   Dex:       It affects your dexterity (+2).
   rN:        It protects you from negative energy.
   Drain:     It drains your maximum health when unequipped.
   Will:      It increases your willpower.
Missiles
 b - 38 poisoned darts (quivered)
 s - 8 datura-tipped darts
 y - 7 curare-tipped darts
 I - 3 atropa-tipped darts
Armour
 a - a +2 pair of boots (worn)
 h - the +1 robe "Qeycom" (worn) {Dex+5 Stlth+}
   (You took it off an orc wizard on level 5 of the Dungeon)

   Dex:       It affects your dexterity (+5).
   Stlth:     It makes you more stealthy.
 u - a +2 helmet (worn)
 B - a +0 cloak (worn)
Jewellery
 c - a ring of flight
 d - an amulet of magic regeneration
 o - the ring of Makhleb's Supremacy (left hand) {Fly Int+3 Dex+6}
   (You found it on level 2 of the Dungeon)

   [ring of dexterity]

   Int:       It affects your intelligence (+3).
   Dex:       It affects your dexterity (+6).
   Fly:       It grants you flight.
 r - a ring of wizardry (right hand)
 w - an amulet of regeneration (around neck)
 x - an amulet of reflection
Wands
 l - a wand of polymorph (11)
 n - a wand of quicksilver (11)
 C - a wand of roots (12)
Scrolls
 m - a scroll of amnesia
 A - a scroll of magic mapping
Potions
 e - 3 potions of might
 f - 3 potions of mutation
 g - 5 potions of haste
 j - 2 potions of resistance
 k - 2 potions of curing
 p - a potion of lignification
 q - a potion of cancellation {unknown}
 t - a potion of magic {unknown}
 v - a potion of flight {unknown}
 z - a potion of attraction {unknown}
 F - 2 potions of heal wounds
 K - 2 potions of brilliance
Miscellaneous
 E - a phantom mirror


   Skills:
 + Level 6.3 Fighting
 + Level 6.3 Short Blades
 + Level 9.2 Long Blades
 + Level 6.3 Axes
 + Level 6.3 Maces & Flails
 + Level 6.3 Polearms
 + Level 6.3 Staves
 + Level 6.3 Ranged Weapons
 + Level 7.9 Throwing
 + Level 6.8 Armour
 + Level 6.3 Dodging
 + Level 6.3 Stealth
 + Level 6.3 Shields
 + Level 6.3 Unarmed Combat
 + Level 8.1 Spellcasting
 + Level 5.2 Conjurations
 + Level 6.5 Hexes
 + Level 5.2 Summonings
 + Level 5.2 Necromancy
 + Level 5.2 Translocations
 + Level 5.2 Transmutations
 + Level 5.2 Fire Magic
 + Level 5.2 Ice Magic
 + Level 5.2 Air Magic
 + Level 5.2 Earth Magic
 + Level 5.2 Poison Magic
 + Level 6.9 Invocations
 + Level 6.3 Evocations


You had 22 spell levels left.
You knew the following spells:

 Your Spells              Type           Power      Damage    Failure   Level
a - Slow                  Hex            88%        N/A       1%          1
b - Tukima's Dance        Hex            22%        N/A       1%          3

Your spell library contained the following spells:

 Spells                   Type           Power      Damage    Failure   Level
 Necrotise                Necr           72%        1d7       1%          1
 Shock                    Conj/Air       72%        1d7       1%          1
 Summon Small Mammal      Summ           72%        N/A       1%          1
 Cigotuvi's Dreadful Rot  Necr/Pois/Air  36%        N/A       1%          2
 Confusing Touch          Hex            22%        N/A       1%          3
 Dazzling Flash           Conj/Hex       40%        N/A       1%          3
 Portal Projectile        Hex/Tloc       40%        N/A       1%          3
 Stone Arrow              Conj/Erth      36%        3d9       1%          3
 Vampiric Draining        Necr           18%        2d7       1%          3
 Vhi's Electric Charge    Tloc/Air       36%        N/A       1%          3
 Volatile Blastmotes      Fire/Tloc      36%        2d13      1%          3
 Fulminant Prism          Conj/Hex       10%        3d8       4%          4
 Animate Dead             Necr           18%        N/A       6%          4
 Dispel Undead            Necr           18%        3d11      6%          4
 Iskenderun's Mystic Bla  Conj/Tloc      18%        2d6       6%          4
 Silence                  Hex/Air        10%        N/A       13%         5
 Agony                    Necr           18%        N/A       17%         5
 Arcjolt                  Conj/Air       9%         1d19      17%         5
 Blade Hands              Tmut           9%         N/A       17%         5
 Irradiate                Conj/Tmut      9%         3d14      17%         5
 Lee's Rapid Deconstruct  Erth           9%         3d7*      17%         5
 Conjure Ball Lightning   Conj/Air       9%         3x3d6     65%         6
 Death Channel            Necr           9%         N/A       65%         6
 Iron Shot                Conj/Erth      9%         9d3       65%         6
 Simulacrum               Ice/Necr       9%         N/A       65%         6
 Dragon Form              Tmut           9%         N/A       99%         7
 Maxwell's Capacitive Co  Air            9%         ∞         100%        8


Dungeon Overview and Level Annotations

Branches:
Dungeon (12/15)            Temple (1/1) D:6             Orc (0/2) D:12
 Bailey (visited)
   Lair: D:8-11

Altars:
Ashenzari
Dithmenos
Elyvilon
Fedhas
Gozag
Hepliaklqana
Kikubaaqudgha
Makhleb
Nemelex Xobeh
Okawaru
Qazlal
Ru
Sif Muna
Trog
Uskayaw
Vehumet
Wu Jian
Xom
Yredelemnul
Zin
The Shining One

Shops:
D:6 *   D:7 (   D:12 [

Annotations:
D:12 2 transporters, middlethird's ghost, journeyman VSMo


Innate Abilities, Weirdness & Mutations

You have very sharp teeth.
Your uncanny sense of smell can sniff out nearby items.
Your experience applies equally to all skills.


Message History

You slice the wyvern!!
You kill the wyvern!
Kikubaaqudgha accepts your kill.
You start resting.
A centaur warrior comes into view. It is wielding a +2 vampiric hand axe.
The centaur warrior unwields a +2 vampiric hand axe.
The centaur warrior wields a +0 shortbow.
The centaur warrior shoots an arrow.
The arrow completely misses you.
Throw: 40 darts (poison)
Press: ? - help, Q - select action, (/) - cycle Shift-Dir - straight line, f - centaur warrior
Aim: a centaur warrior, wielding a +0 shortbow and quivering boomerangs (76% to hit)
You throw a poisoned dart.
The poisoned dart barely misses the centaur warrior.
The centaur warrior shoots an arrow.
The arrow hits you.
You hear a bellow!
Throw: 39 darts (poison)
Press: ? - help, Q - select action, (/) - cycle Shift-Dir - straight line, f/p - centaur warrior
Aim: a centaur warrior, wielding a +0 shortbow and quivering boomerangs (76% to hit)
You throw a poisoned dart.
The poisoned dart barely misses the centaur warrior.
The centaur warrior shoots an arrow.
The arrow hits you!!
You hear a roar!
You hear a bellow!
You reach down and close the door, pushing everything out of the way.
Items here: †††††††.
Something unseen breaks down the door.
The centaur warrior shoots an arrow.
The arrow barely misses you.
The centaur warrior shoots an arrow.
The arrow barely misses you.
The centaur warrior shoots an arrow.
The arrow barely misses you.
The centaur warrior shoots an arrow.
The arrow closely misses you.
The centaur warrior shoots an arrow.
The arrow hits you!
The centaur warrior shoots an arrow.
The arrow completely misses you.
The centaur warrior shoots an arrow.
The arrow hits you!
The centaur warrior shoots an arrow.
The arrow hits you!
The centaur warrior shoots an arrow.
The arrow completely misses you.
The centaur warrior shoots an arrow.
The arrow completely misses you.
The centaur warrior shoots an arrow.
The arrow hits you!
* * * LOW HITPOINT WARNING * * *
The centaur warrior shoots an arrow.
The arrow hits you!!
You die...
Kikubaaqudgha rasps: "You have failed me!
Welcome... death!"

##.####...#....##c.......#
++###..# #...#..c...........#
..8...#####...#..###+#.####..#
..............#..# #.# #..#
...........8.....# #.. ...#
.................# #... .<#
........8.....8..+ #.... ..#
#######..........# #.....∆
....#...........@# ......
....#..8...∩...8.#
....'............# ..#
#######..........# #.#
........8.....8..###.###
......[...?............#
....##.....8...........#
....##.#...............#
....##.#...............#


You could see a centaur warrior.

Vanquished Creatures
  Psyche (D:8)
  An unseen horror (D:10)
  A komodo dragon (D:10)
  A hornet (D:8)
  Grinder (D:4)
  A wraith (D:9)
  A shadow (D:12)
  Eustachio (D:5)
  2 yaks
  4 humans (D:7)
  2 wyverns (D:10)
  3 steam dragons
  3 vampire mosquitoes (D:10)
  3 water moccasins
  An ice beast (D:6)
  5 orc warriors
  3 black bears
  A centaur (D:9)
  An ogre (D:5)
  8 kobold brigands
  A bullfrog (D:7)
  2 gnoll sergeants
  Blork the orc (D:4)
  8 wights
  7 killer bees (D:10)
  2 howler monkeys (D:9)
  4 hounds
  2 jellies
  10 orc priests
  2 sleepcaps
  4 iguanas
  15 orc wizards
  Robin (D:4)
  8 gnolls
  6 adders
  2 shadow imps
  3 ufetubi
  4 worms
  3 dart slugs
  64 orcs
  10 endoplasms
  4 giant cockroaches
  18 goblins
  13 hobgoblins
  4 jackals (D:4)
  4 quokkas
  3 ball pythons
  3 bats
  2 frilled lizards
  17 kobolds
  6 rats
277 creatures vanquished.

Vanquished Creatures (others)
  2 dancing weapons (Bailey)
  An orc wizard (D:4)
  A gnoll (D:8)
  An endoplasm (D:4)
5 creatures vanquished.

Grand Total: 282 creatures vanquished

Notes
Turn   | Place    | Note
-------+----------+-------------------------------------------
     0 | D:1      | Unglued128 the Gnoll Wanderer began the quest for the Orb.
     0 | D:1      | Unglued128 set off with the following items: a +0 long
                  | sword, 14 poisoned darts, a +0 dagger, a scroll of
                  | blinking, a +0 leather armour; and the following spell
                  | memorised: Slow; and the following spells available to
                  | memorise: Confusing Touch.
     0 | D:1      | Reached XP level 1. HP: 13/13 MP: 6/6
   133 | D:1      | Reached XP level 2. HP: 19/19 MP: 7/7
  1057 | D:2      | Reached skill level 5 in Spellcasting
  1057 | D:2      | Reached XP level 3. HP: 25/25 MP: 7/9
  1224 | D:2      | Reached skill level 1 in Invocations
  1271 | D:2      | Found a faded altar of an unknown god.
  1485 | D:2      | Identified the ring of Makhleb's Supremacy {Fly Int+3
                  | Dex+6}
  1859 | D:3      | Reached skill level 1 in Fighting
  1859 | D:3      | Reached skill level 1 in Short Blades
  1859 | D:3      | Reached skill level 1 in Axes
  1859 | D:3      | Reached skill level 1 in Maces & Flails
  1859 | D:3      | Reached skill level 1 in Polearms
  1859 | D:3      | Reached skill level 1 in Staves
  1859 | D:3      | Reached skill level 1 in Ranged Weapons
  1859 | D:3      | Reached skill level 1 in Dodging
  1859 | D:3      | Reached skill level 1 in Stealth
  1859 | D:3      | Reached skill level 1 in Shields
  1859 | D:3      | Reached skill level 1 in Unarmed Combat
  1859 | D:3      | Reached skill level 1 in Evocations
  2008 | D:3      | Got Vehumet's Compendium of Striking
  2037 | D:3      | Reached XP level 4. HP: 32/32 MP: 11/11
  2118 | D:3      | Found a sacrificial altar of Ru.
  2281 | D:3      | Found a hide-covered altar of Uskayaw.
  2442 | D:3      | Reached skill level 1 in Conjurations
  2442 | D:3      | Reached skill level 1 in Summonings
  2442 | D:3      | Reached skill level 1 in Necromancy
  2442 | D:3      | Reached skill level 1 in Translocations
  2442 | D:3      | Reached skill level 1 in Transmutations
  2442 | D:3      | Reached skill level 1 in Fire Magic
  2442 | D:3      | Reached skill level 1 in Ice Magic
  2442 | D:3      | Reached skill level 1 in Air Magic
  2442 | D:3      | Reached skill level 1 in Earth Magic
  2442 | D:3      | Reached skill level 1 in Poison Magic
  2850 | D:4      | Found a shimmering blue altar of Sif Muna.
  2879 | D:4      | Noticed Blork the orc
  3010 | D:4      | Reached XP level 5. HP: 36/37 MP: 12/12
  3014 | D:4      | Noticed Grinder
  3177 | D:4      | Reached XP level 6. HP: 42/44 MP: 14/14
  3203 | D:4      | Reached skill level 5 in Throwing
  3271 | D:4      | Got Sif Muna's Collected Works on Companions
  3278 | D:4      | Found an ancient bone altar of Kikubaaqudgha.
  3288 | D:4      | Found a radiant altar of Vehumet.
  3303 | D:4      | Became a worshipper of Kikubaaqudgha
  3345 | D:4      | Killed Grinder
  3346 | D:4      | Reached skill level 7 in Long Blades
  3346 | D:4      | Reached XP level 7. HP: 26/51 MP: 15/15
  3354 | D:4      | Found an iron altar of Okawaru.
  3496 | D:4      | Noticed Robin
  3516 | D:4      | Killed Robin
  3752 | D:4      | Killed Blork the orc
  3935 | D:5      | Entered Level 5 of the Dungeon
  3963 | D:5      | Noticed Eustachio
  3995 | D:5      | Reached * piety under Kikubaaqudgha
  3995 | D:5      | Received a gift from Kikubaaqudgha
  4001 | D:5      | Identified the +1 robe "Qeycom" {Dex+5 Stlth+}
  4149 | D:5      | Reached XP level 8. HP: 58/58 MP: 16/16
  4470 | D:5      | Noticed a moth of wrath
  4661 | D:5      | Found a bloodstained altar of Trog.
  4750 | D:5      | Killed Eustachio
  5108 | D:6      | Found a staircase to the Ecumenical Temple.
  5332 | D:6      | Reached skill level 5 in Hexes
  5477 | D:6      | Reached XP level 9. HP: 36/65 MP: 18/18
  5642 | Temple   | Entered the Ecumenical Temple
  5698 | D:6      | Found a white marble altar of Elyvilon.
  5797 | D:6      | Found Keddeheh's Neck Hole.
  6510 | D:6      | Reached skill level 5 in Armour
  6673 | D:7      | Reached skill level 8 in Long Blades
  6694 | D:7      | Reached skill level 5 in Invocations
  6725 | D:7      | Reached ** piety under Kikubaaqudgha
  6808 | D:7      | Learned a level 3 spell: Tukima's Dance
  7061 | D:7      | Found Ziegenap's Weapon Shop.
  7462 | D:8      | Found a glowing silver altar of Zin.
  7466 | D:8      | Found Zin's Purification Station.
  7471 | D:8      | Bought a potion of curing for 90 gold pieces
  7476 | D:8      | Noticed Psyche
  7485 | D:8      | Killed Psyche
  7491 | D:8      | Noticed a hornet
  7503 | D:8      | Paralysed by a hornet for 2 turns
  7508 | D:8      | Killed a hornet
  7509 | D:8      | Reached skill level 5 in Fighting
  7509 | D:8      | Reached skill level 5 in Short Blades
  7509 | D:8      | Reached skill level 5 in Axes
  7509 | D:8      | Reached skill level 5 in Maces & Flails
  7509 | D:8      | Reached skill level 5 in Polearms
  7509 | D:8      | Reached skill level 5 in Staves
  7509 | D:8      | Reached skill level 5 in Ranged Weapons
  7509 | D:8      | Reached skill level 5 in Dodging
  7509 | D:8      | Reached skill level 5 in Stealth
  7509 | D:8      | Reached skill level 5 in Shields
  7509 | D:8      | Reached skill level 5 in Unarmed Combat
  7509 | D:8      | Reached skill level 5 in Evocations
  7509 | D:8      | Reached XP level 10. HP: 46/74 MP: 20/20
  7910 | D:9      | You are sucked into a shaft and drop 3 floors!
  7924 | D:12     | Found a transporter.
  7925 | D:12     | Found a transporter.
  7925 | D:12     | Noticed middlethird's ghost (journeyman VSMo)
  7995 | D:12     | Noticed a soul eater
  8065 | D:12     | Reached *** piety under Kikubaaqudgha
  8065 | D:12     | Received a gift from Kikubaaqudgha
  8079 | D:12     | Found a staircase to the Orcish Mines.
  8110 | D:12     | Found Soucas's Armour Boutique.
  8135 | D:12     | Noticed an orange demon
  8201 | D:12     | Noticed a brown ugly thing
  8259 | D:10     | Entered Level 10 of the Dungeon
  8321 | D:10     | Found a flagged portal.
  8330 | Bailey   | Entered a bailey
  8473 | Bailey   | Found a bloodstained altar of Trog.
  8494 | Bailey   | HP: 3/74 [orc warrior/+0 battleaxe (15)]
  8648 | D:10     | Killed an unseen horror
  8739 | D:10     | Found a burning altar of Makhleb.
  8951 | D:9      | Reached **** piety under Kikubaaqudgha
  9023 | D:8      | Found an ornate altar of the Wu Jian Council.
  9572 | D:8      | Reached skill level 9 in Long Blades
  9638 | D:8      | Found a basalt altar of Yredelemnul.
  9848 | D:9      | Reached skill level 5 in Conjurations
  9848 | D:9      | Reached skill level 5 in Summonings
  9848 | D:9      | Reached skill level 5 in Necromancy
  9848 | D:9      | Reached skill level 5 in Translocations
  9848 | D:9      | Reached skill level 5 in Transmutations
  9848 | D:9      | Reached skill level 5 in Fire Magic
  9848 | D:9      | Reached skill level 5 in Ice Magic
  9848 | D:9      | Reached skill level 5 in Air Magic
  9848 | D:9      | Reached skill level 5 in Earth Magic
  9848 | D:9      | Reached skill level 5 in Poison Magic
  9848 | D:9      | Reached XP level 11. HP: 81/81 MP: 22/22
 10079 | D:9      | Found a sparkling altar of Nemelex Xobeh.
 10223 | D:9      | Identified a scroll of acquirement
 10223 | D:9      | Acquired 718 gold pieces
 10705 | D:10     | Identified the +0 long sword of Impatience {speed, Drain
                  | rN+ Will+ Dex+2}
 10784 | D:10     | Noticed a centaur warrior
 10808 | D:10     | Shot with an arrow by a centaur warrior

Illustrated notes

Levels and vault maps discovered:
D:1:      zelgadis_glass_arrival_small, layout_loops_ring, nrook_loot_triangle
D:2:      layout_basic, serial_forest, infiniplex_forest_lined_room_,
          infiniplex_forest_zigzag_1, infiniplex_forest_end_1,
          infiniplex_forest_lined_room_3, infiniplex_forest_end_double,
          infiniplex_forest_lined_corner, infiniplex_forest_end_1,
          hellmonk_ecumenical_altar_inner_sanctum,
          minmay_fractal_squares_gapless_5
D:3:      layout_loops_cross, nicolae_ru_path_of_blood,
          nicolae_uskayaw_murder_on_the_dancefloor
D:4:      layout_basic, palyth_temple_overflow_mages,
          kennysheep_okawaru_gauntlet, uniq_robin, uniq_blork_the_orc,
          uniq_grinder
D:5:      layout_loops_ring, tgw_trog, uniq_eustachio
D:6:      layout_cave_pods, elyvilon_altar_3, minmay_temple_entry_crystal_x,
          nicolae_shop_sticking_my_neck_out
D:7:      layout_rooms, serial_glass, glass_columns_b, glass_columns_a,
          glass_columns_a, glass_columns_a, glass_columns_b, glass_columns_a,
          serial_shops, shop, minmay_ruffians
D:8:      layout_layer_cave, marbit_many_paths, nicolae_wu_jian_glorious_leap,
          zin_purify, uniq_psyche
D:9:      layout_roguey, nemelex_diamond_rough_becter, st_stairs_6
D:10:     wander_kiku_kobolds, layout_stronghold, mainiacjoe_overflow_brackets,
          lemuel_coloured_pillars_altar, enter_bailey_6, enter_trove_3,
          grunt_potential
D:11:     layout_gridville, david_lair_generic, chequers_decorated_corner
D:12:     layout_roguey, hiddenorc2_lemuel, serial_demonic, serial_demonic_d,
          serial_demonic_c, serial_demonic_e, serial_demonic_g,
          serial_demonic_c, serial_demonic_c, serial_demonic_b,
          serial_demonic_g, gammafunk_ghost_hive, serial_shops,
          nicolae_shop_tiny_waterfront, kennysheep_generic_room_8
Temple:   nicolae_temple_ecumenical_triangle

Skill      XL: |  1  2  3  4  5  6  7  8  9 10 11 |
---------------+----------------------------------+-----
Spellcasting   | 5 6 7 8 |  8.1
Invocations    | 1 2 3 4 5 6 |  6.9
Fighting       | 1 2 3 4 5 6 |  6.3
Short Blades   | 1 2 3 4 5 6 |  6.3
Axes           | 1 2 3 4 5 6 |  6.3
Maces & Flails | 1 2 3 4 5 6 |  6.3
Polearms       | 1 2 3 4 5 6 |  6.3
Staves         | 1 2 3 4 5 6 |  6.3
Ranged Weapons | 1 2 3 4 5 6 |  6.3
Dodging        | 1 2 3 4 5 6 |  6.3
Stealth        | 1 2 3 4 5 6 |  6.3
Shields        | 1 2 3 4 5 6 |  6.3
Unarmed Combat | 1 2 3 4 5 6 |  6.3
Evocations     | 1 2 3 4 5 6 |  6.3
Conjurations   | 1 2 3 4 5 |  5.2
Summonings     | 1 2 3 4 5 |  5.2
Necromancy     | 1 2 3 4 5 |  5.2
Translocations | 1 2 3 4 5 |  5.2
Transmutations | 1 2 3 4 5 |  5.2
Fire Magic     | 1 2 3 4 5 |  5.2
Ice Magic      | 1 2 3 4 5 |  5.2
Air Magic      | 1 2 3 4 5 |  5.2
Earth Magic    | 1 2 3 4 5 |  5.2
Poison Magic   | 1 2 3 4 5 |  5.2
Armour         | 3 4 5 6 |  6.8
Hexes          | 4 5 6 |  6.5
Throwing       | 5 6 7 |  7.9
Long Blades    | 7 8 9 |  9.2

Action                     |  1- 3 |  4- 6 |  7- 9 | 10-12 || total
---------------------------+-------+-------+-------+-------++-------
  Melee: Long sword        |    61 |       |       |       ||    61
         Bite              |     8 |    12 |    25 |    35 ||    80
         Rapier            |    32 |       |       |       ||    32
         Punch             |     2 |       |    16 |    14 ||    32
         Double sword      |    18 |    95 |   211 |   312 ||   636
  Throw: Dart              |     2 |    11 |    42 |    13 ||    68
   Cast: Tukima's Dance    |       |       |       |     9 ||     9
  Evoke: Wand              |       |       |       |     3 ||     3
    Use: Scroll            |     6 |     5 |     8 |     9 ||    28
         Potion            |       |       |     1 |     4 ||     5
   Stab: Sleeping          |     3 |     4 |    11 |     2 ||    20
         Invisible         |       |       |     3 |       ||     3
         Distracted        |       |       |       |     1 ||     1
 Armour: Leather armour    |    15 |    34 |    38 |       ||    87
         Robe              |       |       |    28 |   105 ||   133
  Dodge: Dodged            |    58 |    42 |   167 |   317 ||   584
